 Dungeon Crawl Stone Soup version 0.22.1-2-g9c5b331 (webtiles) character file.

119157 spiff the Grappler (level 15, -2/167 HPs)
             Began as a Troll Hunter on Nov 18, 2018.
             Was the Champion of Jiyva.
             Slain by a torpor snail (9 damage)
             ... while paralysed by a hornet
             ... on level 1 of the Spider Nest on Nov 20, 2018.
             The game lasted 02:07:41 (37222 turns).

spiff the Grappler (Troll Hunter)                  Turns: 37222, Time: 02:07:42

Health: -2/167     AC: 19    Str: 17    XL:     15   Next: 96%
Magic:  20/21      EV:  1    Int: 14    God:    Jiyva [******]
Gold:   959        SH:  0    Dex: 21    Spells: 23/24 levels left

rFire    . . .     SeeInvis .     - Unarmed
rCold    + + .     Gourm    +   I - +2 shield {AC+3}
rNeg     . . .     Faith    .   J - +0 swamp dragon scales
rPois    +         Spirit   .   (helmet restricted)
rElec    .         Reflect  .   N - scarf {repulsion}
rCorr    +         Harm     .   (gloves unavailable)
MR       +....     Clarity  +   (boots unavailable)
Stlth    ..........             h - amulet of magic regeneration
HPRegen  0.77/turn              w - +5 ring of protection
MPRegen  0.42/turn              H - ring of Ucze {rC++ Dex+6 Stlth-}

@: paralysed, lethally poisoned (-2 -> -5), confusing touch, slowed, repel
missiles
A: large, unfitting armour, claws 3, hooves 2, horns 1, rugged brown scales 1,
clarity, fast metabolism 3, gourmand, regeneration 1, shaggy fur 1, tough skin
2, translucent skin 1
}: 1/15 runes: slimy
a: Request Jelly, Slimify, Cure Bad Mutation, Renounce Religion


You were on level 1 of the Spider Nest.
You worshipped Jiyva.
Jiyva was exalted by your worship.
You were completely stuffed.

You visited 7 branches of the dungeon, and saw 34 of its levels.
You also visited: Ice Cave and Volcano.

You collected 1519 gold pieces.
You spent 560 gold pieces at shops.

Inventory:

Hand Weapons
 a - a +6 hunting sling of freezing
Missiles
 c - 11 large rocks (quivered)
 d - 5 throwing nets
 B - 139 sling bullets
 T - 8 javelins
Armour
 i - a +0 large shield of protection
 I - a +2 shield of protection (worn)
 J - +0 swamp dragon scales (worn)
 N - a scarf of repulsion (worn)
Jewellery
 h - an amulet of magic regeneration (around neck)
 n - the ring of the City {*Tele +Blink Int+6}
   (You found it on level 5 of the Pits of Slime)

   [ring of teleportation]

   It may teleport you next to monsters.
   It affects your intelligence (+6).
   It lets you blink.
 v - the ring "Rackoil" {Ice *Contam rPois SInv Stlth+}
   (You found it on level 11 of the Dungeon)

   [ring of ice]

   It enhances your ice magic.
   It makes you vulnerable to fire.
   It protects you from cold.
   It protects you from poison.
   It lets you see invisible.
   It causes magical contamination when unequipped.
   It makes you more stealthy.
 w - a +5 ring of protection (left claw)
 H - the ring of Ucze (right claw) {rC++ Dex+6 Stlth-}
   (You bought it in a shop on level 2 of the Orcish Mines)

   [ring of attention]

   It affects your dexterity (+6).
   It greatly protects you from cold.
   It makes you less stealthy.
 K - an uncursed ring of fire
Wands
 b - a wand of iceblast (19)
 x - a wand of flame (40)
 z - a wand of polymorph (32)
 L - a wand of paralysis (10)
 U - a wand of digging (26)
 Y - a wand of disintegration (13)
 Z - a wand of acid (3)
Scrolls
 e - a scroll of vulnerability {unknown}
 g - 5 scrolls of teleportation
 j - 2 scrolls of immolation
 k - 2 scrolls of magic mapping
 r - 10 scrolls of remove curse
 s - 4 scrolls of enchant armour
 u - 6 scrolls of amnesia
 y - 4 scrolls of fear
 D - a scroll of brand weapon {unknown}
 E - 2 scrolls of identify
 M - a scroll of fog {unknown}
 O - 3 scrolls of torment
 Q - 4 scrolls of blinking
 R - a scroll of random uselessness {unknown}
 X - 3 scrolls of noise {unknown}
Potions
 l - 3 potions of magic
 o - a potion of cancellation
 p - 5 potions of brilliance
 q - a potion of berserk rage
 t - 2 potions of lignification
 A - a potion of resistance
 C - 2 potions of mutation
 F - 3 potions of curing
 G - 4 potions of invisibility
 P - 4 potions of might
 S - 2 potions of agility
 W - a potion of ambrosia
Miscellaneous
 V - a lamp of fire (inert)
Comestibles
 f - 34 rations


   Skills:
 - Level 14.0 Fighting
 - Level 10.0 Throwing
 - Level 10.0 Dodging
 - Level 0.3 Stealth
 + Level 4.6 Shields
 - Level 14.0 Unarmed Combat
 - Level 5.0 Spellcasting
 - Level 3.0 Hexes
   Level 3.0 Invocations
 - Level 2.2 Evocations


You had 23 spell levels left.
You knew the following spells:

 Your Spells              Type           Power        Failure   Level  Hunger
a - Confusing Touch       Hex            ##....       24%         1    None

Your spell library contained the following spells:

 Spells                   Type           Power        Failure   Level  Hunger
 Confuse                  Hex            ##......     56%         3    ###....
 Animate Skeleton         Necr           N/A          63%         1    None
 Apportation              Tloc           #.....       63%         1    None
 Shock                    Conj/Air       #...         63%         1    None
 Summon Small Mammal      Summ           #...         63%         1    None
 Passwall                 Tmut/Erth      #.......     77%         2    ##.....
 Swiftness                Chrm/Air       #.......     77%         2    ##.....
 Gell's Gravitas          Tloc           #.........   94%         3    ###....
 Static Discharge         Conj/Air       #.......     94%         3    ###....
 Airstrike                Air            #.........   100%        4    ####...
 Petrify                  Tmut/Erth      #.......     100%        4    ####...
 Blade Hands              Tmut           #.........   100%        5    ######.
 Lightning Bolt           Conj/Air       #.........   100%        5    ######.
 Metabolic Englaciation   Hex/Ice        #.........   100%        5    ######.
 Yara's Violent Unravell  Hex/Tmut       #.........   100%        5    ######.
 Statue Form              Tmut/Erth      #........    100%        6    #######
 Dragon Form              Tmut           #.........   100%        7    #######


Dungeon Overview and Level Annotations

Branches:
Dungeon (15/15)            Temple (1/1) D:7            Lair (6/6) D:8
  Swamp (4/4) Lair:4       Spider (1/4) Lair:4        Slime (5/5) Lair:6
    Orc (2/2) D:12            Elf (0/3) Orc:2        Vaults (0/5) D:13
 Depths (0/5) D:15

Altars:
Ashenzari
Cheibriados
Dithmenos
Elyvilon
Fedhas
Gozag
Hepliaklqana
Kikubaaqudgha
Makhleb
Nemelex Xobeh
Okawaru
Qazlal
Ru
Sif Muna
Trog
Uskayaw
Vehumet
Xom
Yredelemnul
Zin
The Shining One
Jiyva

Shops:
D:5 *   D:7 =   D:11 =   Orc:2 %=[}:

Annotations:
Swamp:3 2 transporters
Slime:5 Royal Jelly
Orc:1 RadicalHijinx's ghost, adept MiBe


Innate Abilities, Weirdness & Mutations

You are too large for most types of armour.
You have claws for hands.
Your metabolism is lightning-fast.
You like to eat raw meat.
Your natural rate of healing is unusually fast.
You are covered in fur. (AC +1)
You have very tough skin. (AC +2)
You have hoof-like feet.
You have a pair of small horns on your head.
You are partially covered in rugged brown scales. (AC +1, +3% HP)
You possess an exceptional clarity of mind.
Your translucent skin slightly reduces your foes' accuracy. (Stealth)


Message History

You feel very sick. The hornet misses you. You block the hornet's attack.
You barely miss the hornet. You kick the hornet, but do no damage.
The hornet is heavily wounded.
You feel sick. The hornet misses you. The torpor snail barely misses you.
You block the hornet's attack.
You miss the hornet. Your kick misses the hornet.
You headbutt the hornet, but do no damage.
The hornet is heavily wounded.
You feel sick.
The hornet stings you but does no damage.
The torpor snail barely misses you.
Casting: Confusing Touch (safe; 24% risk of failure)
Confirm with . or Enter, or press ? or * to list all spells.
Your claws begin to glow red.
You feel sick. The hornet stings you!
* * * LOW HITPOINT WARNING * * *
You suddenly lose the ability to move!
The hornet stings you!
* * * LOW HITPOINT WARNING * * *
The torpor snail bites you!
You die...

# .#≈ ..≈# ## .#≈..
.# ≈≈..# .##
#ss##w.# #y@.# #.†.#
#.†## ###..## ####
##.....# ###..#
#...#.#####....####
###
##.....##.#.......##
..#########
##..#......#.#....#
....##.##.##
####>..#...#..#..#


You could see a torpor snail, a hornet and 2 redbacks.

Vanquished Creatures
  A sphinx (D:15)
  A thorn hunter (Swamp:2)
  Kirke (Swamp:1)
  A deep elf annihilator (D:15)
  Azrael (D:12)
  2 blizzard demons (IceCv)
  Josephine (D:11)
  A vault guard (D:13)
  5 hydras
  A centaur warrior (D:15)
  9 two-headed ogres
  2 ogre magi
  7 alligators
  3 orc high priests (Orc:2)
  Sonja (Orc:2)
  Nergalle (D:11)
  2 swamp dragons
  3 wizards
  4 shambling mangroves
  A deep troll (D:15)
  Pikel (D:5)
  A lindwurm (Lair:2)
  6 orc knights
  2 necromancers (D:13)
  3 wolf spiders
  4 orc sorcerers
  2 orb spiders (Spider:1)
  2 deep elf magi (D:12)
  5 ugly things
  Maurice (D:11)
  A manticore (D:13)
  4 cyclopes
  2 black mambas
  4 ice statues (IceCv)
  A naga mage (D:15)
  A moth of wrath (Spider:1)
  3 centaur skeletons
  6 gargoyles
  A molten gargoyle (Volcano)
  11 spiny frogs
  2 kobold demonologists
  A rime drake (Lair:2)
  A freezing wraith (D:14)
  8 komodo dragons
  3 demonic crawlers
  A yaktaur (shapeshifter) (D:15)
  11 ice devils (IceCv)
  10 jumping spiders
  5 polar bears (Lair:6)
  A queen bee (D:14)
  3 anaconda simulacra (IceCv)
  3 meliai (D:14)
  8 tyrant leeches
  6 trolls
  12 hornets
  8 bog bodies
  8 blink frogs
  A dream sheep (Lair:6)
  A dream sheep (shapeshifter) (D:15)
  7 hippogriffs
  2 shadows
  16 redbacks
  2 wyverns
  A dire elephant simulacrum (IceCv)
  16 spriggans
  4 wraiths (D:11)
  15 humans (D:13)
  6 fire bats (Volcano)
  A water elemental (D:11)
  2 hogs (Swamp:1)
  15 yaks
  A fire elemental (D:13)
  3 basilisks
  A hungry ghost (D:8)
  21 vampire mosquitoes
  11 insubstantial wisps
  A warg (Orc:1)
  2 harpy simulacra (IceCv)
  An acid dragon (D:13)
  3 hell hounds
  2 iron troll simulacra (IceCv)
  8 swamp worms
  5 porcupines
  2 hydra simulacra (IceCv)
  13 water moccasins
  7 swamp drakes
  2 sky beasts
  2 ice beasts
  19 orc warriors
  4 slaves (D:6)
  2 black bears
  2 phantoms
  The ghost of Zanta616 the Ruffian, an amateur NaTm (D:6)
  An eye of draining (D:10)
  3 necrophages
  3 boggarts (Lair:6)
  11 ogres
  23 wolves
  11 crocodiles
  7 centaurs
  12 bullfrogs
  A wyvern zombie (D:10)
  7 scorpions
  20 killer bees (D:14)
  10 wights
  3 centaur zombies
  6 lava snakes (Volcano)
  5 crimson imps
  2 bullfrog zombies
  A quasit (D:9)
  5 jellies
  10 orc priests
  5 hounds
  4 bullfrog skeletons
  18 orc wizards
  7 iguanas
  2 hell rats (Lair:3)
  8 worker ants
  A hound zombie (D:8)
  A hound skeleton (D:6)
  A mummy (D:6)
  14 gnolls
  A howler monkey skeleton (D:7)
  18 adders
  7 shadow imps
  An ooze (D:4)
  2 adder zombies
  2 adder skeletons
  2 worms
  A dart slug (D:1)
  4 leopard geckos
  62 orcs
  4 ball pythons
  7 giant cockroaches
  11 goblins
  9 hobgoblins
  14 jackals
  7 kobolds
  5 quokkas
  18 bats
  4 frilled lizards
  A leopard gecko skeleton (D:4)
  A quokka zombie (D:6)
  9 rats
  A spectral orc (D:6)
795 creatures vanquished.

Vanquished Creatures (collateral kills)
  A necromancer (D:13)
  An orc sorcerer (Orc:2)
  3 orc warriors
5 creatures vanquished.

Vanquished Creatures (others)
  6 acid blobs
  2 azure jellies
  A death ooze (Slime:5)
  A great orb of eyes (Slime:5)
  A hydra (D:12)
  A centaur warrior (D:14)
  2 shining eyes (Slime:5)
  A komodo dragon (Lair:5)
  34 slime creatures
  A spriggan (Lair:6)
  A shadow (Swamp:1)
  A wraith (D:11)
  2 hogs (Swamp:1)
  3 humans (D:13)
  A vampire mosquito (Swamp:3)
  A hungry ghost (D:11)
  An eye of draining (shapeshifter) (D:15)
  A black bear (Lair:6)
  7 orc warriors (Orc:2)
  A necrophage (D:12)
  A boggart (Lair:6)
  A wolf (Lair:6)
  A big kobold (D:13)
  2 bullfrogs
  2 killer bees (D:14)
  6 electric eels (D:11)
  3 vampire bats (Orc:1)
  4 crimson imps
  140 jellies
  An orc priest (D:12)
  7 orc wizards
  A bullfrog skeleton (D:11)
  2 worker ants
  2 hell rats (Lair:3)
  An adder (D:11)
  11 orcs
  3 bats (Orc:1)
  4 kobolds (D:13)
  15 fungi
  7 plants
283 creatures vanquished.

Grand Total: 1083 creatures vanquished

Notes
Turn   | Place    | Note
-------+----------+-------------------------------------------
     0 | D:1      | spiff the Troll Hunter began the quest for the Orb.
     0 | D:1      | Reached XP level 1. HP: 19/19 MP: 0/0
    41 | D:1      | Reached skill level 1 in Unarmed Combat
    79 | D:1      | Reached XP level 2. HP: 26/27 MP: 1/1
   283 | D:1      | Reached XP level 3. HP: 30/33 MP: 2/2
   769 | D:2      | Reached XP level 4. HP: 40/41 MP: 3/3
   984 | D:2      | Found an iron altar of Okawaru.
  1506 | D:3      | Reached XP level 5. HP: 48/48 MP: 4/4
  1754 | D:3      | Reached skill level 5 in Unarmed Combat
  2109 | D:3      | Found an opulent altar of Gozag.
  2300 | D:3      | Found a white marble altar of Elyvilon.
  2305 | D:3      | Became a worshipper of Elyvilon the Healer
  2553 | D:4      | Found a blossoming altar of Fedhas.
  2630 | D:4      | Noticed a phantom
  2641 | D:4      | Killed a phantom
  2641 | D:4      | Reached XP level 6. HP: 55/55 MP: 5/5
  3464 | D:5      | Entered Level 5 of the Dungeon
  3472 | D:5      | Found a blossoming altar of Fedhas.
  3472 | D:5      | Found Siudew's General Store.
  3473 | D:5      | Reached * piety under Elyvilon
  3506 | D:5      | Bought a potion of agility for 40 gold pieces
  3506 | D:5      | Bought a scroll of teleportation for 30 gold pieces
  3529 | D:5      | Found a shadowy altar of Dithmenos.
  3755 | D:5      | Reached XP level 7. HP: 62/62 MP: 6/6
  4263 | D:6      | Noticed Pikel
  4688 | D:6      | Found a transporter.
  4689 | D:6      | Noticed Zanta616's ghost (amateur NaTm)
  4775 | D:6      | Found a snail-covered altar of Cheibriados.
  4826 | D:6      | Reached ** piety under Elyvilon
  4833 | D:6      | Found a transporter.
  4909 | D:6      | Found an ancient bone altar of Kikubaaqudgha.
  5211 | D:6      | Found a basalt altar of Yredelemnul.
  5533 | D:5      | Killed Pikel
  5533 | D:5      | Reached skill level 10 in Unarmed Combat
  5533 | D:5      | Reached XP level 8. HP: 63/70 MP: 7/7
  5737 | D:6      | Killed Zanta616's ghost
  5976 | D:7      | Found a staircase to the Ecumenical Temple.
  6083 | D:7      | Noticed a hippogriff
  6093 | D:7      | Killed a hippogriff
  6093 | D:7      | Reached XP level 9. HP: 50/80 MP: 8/8
  6168 | D:7      | Found an opulent altar of Gozag.
  6201 | Temple   | Entered the Ecumenical Temple
  6230 | Temple   | Reached *** piety under Elyvilon
  6343 | D:7      | Reached skill level 1 in Evocations
  6458 | D:7      | Found Huquff Hopn's Jewellery Shoppe.
  6711 | D:7      | Found a sparkling altar of Nemelex Xobeh.
  6711 | D:7      | Found a shattered altar of Ashenzari.
  6939 | D:8      | Reached skill level 5 in Throwing
  7133 | D:8      | Found a staircase to the Lair.
  7244 | D:8      | Learned a level 1 spell: Confusing Touch
  7355 | D:8      | Reached skill level 1 in Invocations
  7549 | D:9      | Reached skill level 1 in Hexes
  7720 | D:9      | Noticed a two-headed ogre
  7787 | D:9      | Killed a two-headed ogre
  7787 | D:9      | Reached XP level 10. HP: 69/94 MP: 10/10
  8035 | D:9      | Reached **** piety under Elyvilon
  8149 | D:9      | Reached skill level 5 in Fighting
  8149 | D:9      | Reached skill level 5 in Dodging
  8832 | D:10     | Entered Level 10 of the Dungeon
  9308 | D:10     | Reached ***** piety under Elyvilon
  9516 | D:10     | Noticed a gargoyle
  9609 | D:10     | Killed a gargoyle
 10067 | Lair:1   | Entered Level 1 of the Lair of Beasts
 10090 | Lair:1   | Noticed a six-headed hydra
 10205 | Lair:1   | Noticed a spiny frog
 10210 | Lair:1   | Killed a spiny frog
 10210 | Lair:1   | Reached XP level 11. HP: 92/107 MP: 12/12
 11353 | Lair:2   | Found a dark tunnel.
 11353 | Lair:2   | Noticed a lindwurm
 11367 | Lair:2   | Killed a lindwurm
 11414 | Volcano  | Entered a volcano
 11628 | Volcano  | Noticed a two-headed ogre
 11639 | Volcano  | HP: 5/111 [two-headed ogre/giant club of flaming (3)]
 11647 | Volcano  | Killed a two-headed ogre
 11649 | Volcano  | Noticed a two-headed ogre
 11649 | Volcano  | Noticed a two-headed ogre
 11650 | Volcano  | Found a radiant altar of Vehumet.
 11650 | Volcano  | Noticed an ogre mage
 11828 | Volcano  | Killed a two-headed ogre
 11864 | Volcano  | Killed a two-headed ogre
 11866 | Volcano  | Killed an ogre mage
 12019 | Volcano  | Noticed a two-headed ogre
 12029 | Volcano  | Killed a two-headed ogre
 12099 | Volcano  | Noticed a red draconian
 12312 | Lair:2   | Reached XP level 12. HP: 107/123 MP: 13/13
 12791 | Lair:3   | Noticed a seven-headed hydra
 13101 | Lair:5   | You fall through a shaft!
 13101 | Lair:6   | Entered Level 6 of the Lair of Beasts
 13121 | Lair:5   | Reached skill level 10 in Throwing
 13288 | Lair:5   | Noticed a five-headed hydra
 13457 | Lair:4   | Reached ****** piety under Elyvilon
 13702 | Lair:6   | Noticed a four-headed hydra
 13726 | Lair:6   | Pacified a four-headed hydra
 13726 | Lair:6   | Reached skill level 10 in Fighting
 14189 | Lair:6   | Found a staircase to the Slime Pits.
 14189 | Lair:6   | Found a viscous altar of Jiyva.
 14199 | Lair:6   | Fell from the grace of Elyvilon
 14199 | Lair:6   | Became a worshipper of Jiyva Juiqass the Shapeless
 14492 | Slime:1  | Entered Level 1 of the Pits of Slime
 14492 | Slime:1  | Noticed an acid blob
 14505 | Slime:2  | Noticed an acid blob
 14515 | Slime:3  | Noticed an acid blob
 14528 | Slime:5  | Entered Level 5 of the Pits of Slime
 14539 | Slime:5  | Noticed an acid blob
 14541 | Slime:5  | Noticed an acid blob
 14550 | Slime:5  | Killed an acid blob
 14562 | Slime:4  | Noticed an acid blob
 14588 | Slime:2  | Noticed an acid blob
 14638 | Slime:2  | Killed an acid blob
 14718 | Lair:4   | Found a staircase to the Swamp.
 14972 | Lair:3   | Reached * piety under Jiyva
 17238 | D:10     | Reached ** piety under Jiyva
 17371 | D:10     | You fall through a shaft!
 17372 | D:11     | Noticed Nergalle
 18420 | D:11     | Noticed Maurice
 18554 | D:11     | Paralysed by something for 7 turns
 18569 | D:11     | Killed Maurice
 18695 | D:11     | Killed Nergalle
 18718 | D:11     | Found Luill's Jewellery Emporium.
 18745 | D:11     | Reached *** piety under Jiyva
 18758 | D:11     | Noticed Josephine
 19129 | D:11     | Killed Josephine
 19169 | D:11     | Got a translucent marble ring
 19185 | D:11     | Gained mutation: You evolve. [Jiyva's grace]
 19493 | D:11     | Identified the ring "Rackoil" {Ice *Contam rPois SInv
                  | Stlth+} (You found it on level 11 of the Dungeon)
 19806 | D:12     | Noticed Rupert
 20102 | D:12     | Found a staircase to the Orcish Mines.
 20563 | D:12     | Reached XP level 13. HP: 133/133 MP: 14/14
 20666 | D:12     | Reached **** piety under Jiyva
 20674 | D:12     | Lost mutation: You evolve. [Jiyva's grace]
 20887 | D:12     | Gained mutation: You have large cloven feet. [Jiyva's
                  | grace]
 20976 | D:12     | Slimified Rupert
 20976 | D:12     | Noticed Rupert
 20976 | D:12     | Rupert changed into Rupert the azure jelly
 21302 | D:12     | Reached ***** piety under Jiyva
 21412 | Lair:1   | Noticed an azure jelly
 21412 | Lair:1   | a six-headed hydra changed into an azure jelly
 21511 | Lair:3   | Noticed an acid blob
 21511 | Lair:3   | a seven-headed hydra changed into an acid blob
 21693 | Lair:3   | Gained mutation: You have a small jelly attached to you
                  | that may absorb incoming projectiles. [Jiyva's grace]
 21796 | Lair:4   | Found a hole to the Spider Nest.
 22669 | Lair:5   | Noticed an acid blob
 22669 | Lair:5   | a five-headed hydra changed into an acid blob
 23593 | Lair:6   | Gained mutation: You have hoof-like feet. [Jiyva's grace]
 24204 | Lair:6   | Gained mutation: Your mind is acute. (Int +2) [Jiyva's
                  | grace]
 24659 | Orc:1    | Entered Level 1 of the Orcish Mines
 24687 | Orc:1    | Found a burning altar of Makhleb.
 24740 | Orc:1    | Found a runed door.
 24740 | Orc:1    | Noticed RadicalHijinx's ghost (adept MiBe)
 24862 | Orc:2    | Entered Level 2 of the Orcish Mines
 24862 | Orc:2    | Found a staircase to the Elven Halls.
 24900 | Orc:2    | Gained mutation: You have hooves in place of feet. [Jiyva's
                  | grace]
 25145 | Orc:2    | Noticed Sonja
 25151 | Orc:2    | Gained mutation: You are partially covered in rugged brown
                  | scales. (AC +1, +3% HP) [Jiyva's grace]
 25161 | Orc:1    | Reached ****** piety under Jiyva
 25239 | Orc:2    | Noticed an orc warlord
 25267 | Orc:2    | Slimified an orc warlord
 25267 | Orc:2    | Noticed an azure jelly
 25267 | Orc:2    | an orc warlord changed into an azure jelly
 25274 | Orc:2    | Gained mutation: You are partially covered in slimy green
                  | scales. (AC +2) [Jiyva's grace]
 25284 | Orc:2    | Killed Sonja
 25303 | Orc:2    | Lost mutation: You have hooves in place of feet. [Jiyva's
                  | grace]
 25307 | Orc:2    | Reached skill level 1 in Spellcasting
 25624 | Slime:1  | Identified a scroll of acquirement
 25667 | Slime:4  | Noticed an azure jelly
 25680 | Slime:5  | Killed an acid blob
 25682 | Slime:5  | Killed an azure jelly
 25683 | Slime:5  | Gained mutation: Your spells are a little harder to cast,
                  | but a little more powerful. [Jiyva's grace]
 25686 | Slime:5  | Noticed an acid blob
 25687 | Slime:5  | Noticed a death ooze
 25691 | Slime:5  | Killed an acid blob
 25692 | Slime:5  | Killed a death ooze
 25692 | Slime:5  | Killed an acid blob
 25697 | Slime:5  | Noticed an acid blob
 25698 | Slime:5  | Gained mutation: You have a small jelly attached to you
                  | that senses nearby items. [Jiyva's grace]
 25698 | Slime:5  | Killed an acid blob
 25707 | Slime:5  | Noticed the Royal Jelly
 25720 | Slime:5  | Gained mutation: You have acidic saliva. [Jiyva's grace]
 25732 | Slime:5  | Found a viscous altar of Jiyva.
 25732 | Slime:5  | Noticed an azure jelly
 25738 | Slime:5  | Lost mutation: You have a small jelly attached to you that
                  | may absorb incoming projectiles. [Jiyva's grace]
 25756 | Slime:5  | Identified the Handbook of Shape Shifting
 25759 | Slime:5  | Got a crude copper ring
 25760 | Slime:5  | Lost mutation: You have hoof-like feet. [Jiyva's grace]
 25761 | Slime:5  | Got a slimy rune of Zot
 25792 | Slime:5  | Noticed an acid blob
 25801 | Slime:5  | Identified the ring of the City {*Tele +Blink Int+6} (You
                  | found it on level 5 of the Pits of Slime)
 25859 | Slime:3  | Killed an azure jelly
 26217 | Orc:2    | Found Menkywaech's Armour Shop.
 26237 | Orc:2    | Paralysed by an orc sorcerer for 7 turns
 26372 | Orc:2    | Gained mutation: You are frail. (-10% HP) [Jiyva's grace]
 26749 | Orc:2    | Gained mutation: You are agile. (Dex +2) [Jiyva's grace]
 27191 | Orc:2    | Found Copei's Book Boutique.
 27191 | Orc:2    | Found Witow's Food Boutique.
 27192 | Orc:2    | Found Weesoc's Gadget Emporium.
 27246 | Orc:2    | Found Juocolao's Jewellery Emporium.
 27267 | Orc:2    | Bought the ring of Ucze {rC++ Dex+6 Stlth-} for 490 gold
                  | pieces
 27467 | D:13     | Noticed Azrael
 27543 | D:12     | Killed Azrael
 27543 | D:12     | Reached XP level 14. HP: 127/135 MP: 16/16
 27713 | D:13     | Gained mutation: Your body has grown golden eyes which may
                  | confuse attackers. (Acc +3) [Jiyva's grace]
 28180 | D:13     | Lost mutation: Your body has grown golden eyes which may
                  | confuse attackers. (Acc +3) [Jiyva's grace]
 28256 | D:13     | Lost mutation: You are agile. (Dex +2) [Jiyva's grace]
 28583 | D:13     | Found a gate to the Vaults.
 28927 | D:14     | Gained mutation: You possess an exceptional clarity of
                  | mind. [Jiyva's grace]
 29225 | D:14     | Lost mutation: You have acidic saliva. [Jiyva's grace]
 29257 | D:14     | HP: 4/135 [meliai/divine providence (12)]
 30004 | D:15     | Entered Level 15 of the Dungeon
 30505 | D:15     | Lost mutation: You are frail. (-10% HP) [Jiyva's grace]
 30771 | D:15     | Found a staircase to the Depths.
 30923 | D:15     | Lost mutation: You have a small jelly attached to you that
                  | senses nearby items. [Jiyva's grace]
 30924 | D:15     | Found a runed door.
 30930 | D:15     | Noticed a sphinx
 30981 | D:15     | Paralysed by a sphinx for 7 turns
 30994 | D:15     | Killed a sphinx
 31057 | D:15     | Got a faintly glowing hunting sling
 31058 | D:15     | Identified the +3 hunting sling "Trog's Fury" {velocity,
                  | *Contam rPois MR+ MP+9} (You found it on level 15 of the
                  | Dungeon)
 31121 | D:15     | Gained mutation: You are frail. (-10% HP) [mutagenic glow]
 31432 | Swamp:1  | Entered Level 1 of the Swamp
 31434 | Swamp:1  | Lost mutation: You are frail. (-10% HP) [Jiyva's power]
 31583 | Swamp:1  | Noticed Kirke
 31653 | Swamp:1  | Gained mutation: You have a pair of small horns on your
                  | head. [Jiyva's grace]
 31752 | Swamp:1  | Paralysed by a hornet for 3 turns
 31888 | Swamp:1  | Killed Kirke
 31888 | Swamp:1  | Reached XP level 15. HP: 103/162 MP: 21/21
 32036 | Swamp:1  | Reached skill level 5 in Spellcasting
 32040 | Swamp:1  | Lost mutation: Your spells are a little harder to cast, but
                  | a little more powerful. [Jiyva's grace]
 32226 | Swamp:1  | HP: 8/162 [shambling mangrove (28)]
 32884 | Swamp:2  | Lost mutation: Your mind is acute. (Int +2) [Jiyva's grace]
 32986 | Swamp:2  | Noticed a thorn hunter
 32992 | Swamp:2  | Killed a thorn hunter
 33209 | Swamp:2  | HP: 6/162 [alligator (6)]
 33219 | Swamp:2  | HP: 7/162 [alligator (12)]
 33386 | Swamp:2  | Reached skill level 10 in Dodging
 33874 | Swamp:3  | Found a frozen archway.
 33884 | IceCv    | Entered an ice cave
 34538 | Swamp:3  | Reached skill level 1 in Shields
 34837 | Swamp:3  | Found a transporter.
 34891 | Swamp:3  | Gained mutation: Your translucent skin slightly reduces
                  | your foes' accuracy. (Stealth) [Jiyva's grace]
 35501 | Swamp:3  | Found a transporter.
 35683 | Swamp:4  | Entered Level 4 of the Swamp
 35786 | Swamp:3  | HP: 3/166 [poisoned by a swamp dragon (poison gas)]
 35931 | Swamp:3  | Gained mutation: You have hoof-like feet. [Jiyva's grace]
 36344 | Spider:1 | Entered Level 1 of the Spider Nest
 36923 | Spider:1 | Lost mutation: You are partially covered in slimy green
                  | scales. (AC +2) [Jiyva's grace]
 37222 | Spider:1 | Paralysed by a hornet for 3 turns
 37222 | Spider:1 | HP: 7/167 [hornet (9)]
 37222 | Spider:1 | Slain by a torpor snail

Skill      XL: |  1  2  3  4  5  6  7  8  9 10 11 12 13 14 15 |
---------------+----------------------------------------------+-----
Unarmed Combat | 1 2 3 4 6 7 10 13 14 | 14.0
Fighting       | 2 4 6 9 10 11 12 14 | 14.0
Throwing       | 4 5 7 9 10 | 10.0
Dodging        | 2 4 5 7 9 10 | 10.0
Evocations     | 2 |  2.2
Invocations    | 2 3 |  3.0
Hexes          | 1 3 |  3.0
Spellcasting   | 2 4 5 |  5.0
Shields        | 4 |  4.6
Stealth        | |  0.3

Action                   |  1- 3 |  4- 6 |  7- 9 | 10-12 | 13-15 || total
-------------------------+-------+-------+-------+-------+-------++-------
Melee: Unarmed           |   125 |   100 |   187 |   612 |  1739 ||  2763
       Punch             |     1 |     3 |    10 |    29 |   141 ||   184
       Kick              |       |       |       |       |   754 ||   754
       Bite              |       |       |       |       |    67 ||    67
       Headbutt          |       |       |       |       |   247 ||   247
 Fire: Hunting sling     |       |   125 |   190 |   273 |    72 ||   660
Throw: Large rock        |       |       |       |     8 |     1 ||     9
 Cast: Confusing Touch   |       |       |     7 |    35 |   123 ||   165
Invok: Heal Other        |       |       |       |     3 |       ||     3
       Slimify           |       |       |       |       |     7 ||     7
       Cure Bad Mutation |       |       |       |       |     2 ||     2
Evoke: Wand              |       |       |     2 |     4 |     7 ||    13
       Lamp of fire      |       |       |       |     1 |     4 ||     5
  Use: Scroll            |       |     7 |     5 |    20 |     9 ||    41
       Potion            |       |       |     2 |     1 |    15 ||    18
 Stab: Sleeping          |       |       |     1 |     1 |       ||     2
       Confused          |       |       |     3 |    13 |    79 ||    95
       Held in net/web   |       |       |       |     1 |       ||     1
       Distracted        |       |       |       |       |     2 ||     2
       Paralysed         |       |       |       |       |     1 ||     1
  Eat: Chunk             |    13 |    27 |    36 |    93 |    71 ||   240
       Ration            |       |       |       |     6 |     2 ||     8
Armor: Robe              |    46 |    46 |    29 |    38 |   131 ||   290
       Animal skin       |       |       |    72 |   162 |       ||   234
       Acid dragon scale |       |       |       |       |   474 ||   474
       Swamp dragon scal |       |       |       |       |    98 ||    98
Dodge: Dodged            |    64 |    46 |   124 |   299 |  1044 ||  1577
       Deflected         |       |       |     4 |    15 |    37 ||    56
Block: Shield            |       |       |       |       |   264 ||   264
